 Dungeon Crawl Stone Soup version 0.27.1-33-g824d729ab1 (webtiles) character file.

Game seed: 6974168085734822119

843 Fractals the Skirmisher (level 8, -9/59 (62) HPs)
             Began as a Human Wanderer on Dec 8, 2021.
             Was an Initiate of Okawaru.
             Mangled by a yak (12 damage)
             ... on level 8 of the Dungeon.
             The game lasted 00:17:28 (7674 turns).

Fractals the Skirmisher (Human Wanderer)            Turns: 7674, Time: 00:17:28

HP:   -9/59 (62)    AC:  9    Str: 16    XL:     8   Next: 20%
MP:   8/8           EV: 14    Int: 12    God:    Okawaru [......]
Gold: 244           SH:  5    Dex: 12    Spells: 6/7 levels left

rFire    . . .     SeeInvis +   p - +1 short sword (elec)
rCold    . . .     Faith    .   e - +0 buckler
rNeg     + . .     Spirit   .   c - +2 scale mail
rPois    .         Reflect  .   (no helmet)
rElec    .         Harm     .   (no cloak)
rCorr    .         Rampage  .   (no gloves)
Will     .....                  (no boots)
Stlth    ..........             s - macabre finger necklace {rN+}
HPRegen  0.19/turn              g - ring of see invisible
MPRegen  0.11/turn              k - +4 ring of evasion
                                (no ring)

@: lightly drained
A: no striking features
a: Renounce Religion


You were on level 8 of the Dungeon.
You worshipped Okawaru.
Okawaru was noncommittal.
You visited 2 branches of the dungeon, and saw 8 of its levels.

You collected 244 gold pieces.

Inventory:

Hand Weapons
 i - a +4 hand axe
 j - a +0 hunting sling of freezing
 m - a +1 dagger of venom
 p - a +1 short sword of electrocution (weapon)
Missiles
 a - 13 bolts
 f - 22 arrows
 h - 144 stones
 o - 24 poisoned darts (quivered)
Armour
 c - a +2 scale mail (worn)
 e - a +0 buckler (worn)
 n - a +1 leather armour of fire resistance
Jewellery
 g - a ring of see invisible (left hand)
 k - a +4 ring of evasion (right hand)
 s - the macabre finger necklace (around neck) {rN+}
   (You found it on level 5 of the Dungeon)

   [amulet of nothing]

   It enables you to equip an extra ring.
   rN:        It protects you from negative energy.
Scrolls
 b - 3 scrolls of teleportation
 d - 6 scrolls of identify
 q - a scroll of amnesia
 r - a scroll of torment {unknown}
Potions
 t - a potion of curing


   Skills:
 - Level 5.0 Fighting
 - Level 3.0 Axes
 + Level 2.4 Slings
 + Level 3.7 Armour
 + Level 3.0 Dodging
 - Level 4.0 Shields
 - Level 2.0 Necromancy
 - Level 1.0 Fire Magic
 - Level 2.0 Evocations


You had 6 spell levels left.
You knew the following spells:

 Your Spells              Type           Power      Damage    Failure   Level
a - Pain                  Necr           16%        1d4       45%         1

Your spell library contained the following spells:

 Spells                   Type           Power      Damage    Failure   Level
 Sandblast                Erth           0%         2d4       75%         1
 Vampiric Draining        Necr           2%         2d6       83%         3
 Passwall                 Tmut/Erth      0%         N/A       86%         2
 Lee's Rapid Deconstruct  Erth           0%         3d5*      100%        5


Dungeon Overview and Level Annotations

Branches:
Dungeon (8/15)             Temple (1/1) D:5
   Lair: D:8-11

Altars:
Cheibriados
Dithmenos
Kikubaaqudgha
Okawaru
Uskayaw
Yredelemnul

Shops:
D:4 ?

Annotations:
D:4 1 runed translucent door, Crazy Yiuf


Message History

The wight hits you with a +2 spear. The wight barely misses you.
You hit the wight.
The wight is almost destroyed.
You block the wight's attack.
The wight hits you from afar with a +5 trident.
The wight barely misses you.
You hit the wight but do no damage.
The wight is almost destroyed.
The wight hits you from afar with a +5 trident!
You partially resist.
You feel drained. You block the wight's attack.
You hit the wight but do no damage.
The wight is almost destroyed.
The wight misses you. The wight hits you with a +2 spear.
* * * LOW HITPOINT WARNING * * *
You partially resist.
You feel drained.
* * * LOW HITPOINT WARNING * * *
The wight completely misses you. The wight hits you but does no damage.
Things that are here:
a +0 battleaxe; a +0 robe
There is an escape hatch in the floor here.
The wight misses you.
You slide downwards.
The hatch slams shut behind you.
The yak bellows! x5; The howler monkey howls!
The centaur shouts!
You hear a shout! x2
The centaur wields a +0 shortbow.
The centaur shoots an arrow.
The arrow hits you.
* * * LOW HITPOINT WARNING * * *
A troll comes into view.
You block the yak's attack. The yak closely misses you. The yak gores you!
* * * LOW HITPOINT WARNING * * *
The yak gores you.
* * * LOW HITPOINT WARNING * * *
You hear a shout!
Found a potion of curing.
An acid dragon comes into view.
The acid dragon roars!
A centaur comes into view.
The yak gores you!
You die...

### #.. ##.#
#..# #..# #..# .
#YY# ...
#Y.#.c.D.
#@Y..c....
.......hY.....T.
......#..!......
......##........
..... #.######.
##.## #.# #. #.#
#...... # .#
...... .....


You could see 5 yaks, a troll, an acid dragon, 2 centaurs and a howler monkey.

Vanquished Creatures
  An ice beast (D:5)
  An orc warrior (D:7)
  2 necrophages
  2 wights (D:7)
  2 orc priests
  A hound (D:5)
  A jelly (D:5)
  An iguana (D:4)
  An orc wizard (D:5)
  A hound skeleton (D:4)
  5 gnolls
  7 adders
  A shadow imp (D:4)
  A white imp (D:5)
  An ufetubus (D:5)
  3 worms
  20 orcs
  4 endoplasms
  2 giant cockroaches
  6 hobgoblins
  5 kobolds
  3 quokkas
  6 ball pythons
  4 bats
  4 frilled lizards
  6 goblins
  A rat (D:2)
92 creatures vanquished.

Notes
Turn   | Place    | Note
-------+----------+-------------------------------------------
     0 | D:1      | Fractals the Human Wanderer began the quest for the Orb.
     0 | D:1      | Fractals set off with the following items: a +0 club, a
                  | scroll of teleportation, a +2 scale mail; and the following
                  | spell memorised: Pain; and the following spells available
                  | to memorise: Vampiric Draining
     0 | D:1      | Reached XP level 1. HP: 15/15 MP: 1/1
   350 | D:1      | Reached XP level 2. HP: 16/21 MP: 2/2
   468 | D:1      | HP: 1/21 [quokka (3)]
   485 | D:1      | Reached skill level 1 in Shields
  1649 | D:2      | Reached skill level 2 in Fighting
  1649 | D:2      | Reached XP level 3. HP: 24/27 MP: 3/3
  1714 | D:2      | Found a faded altar of an unknown god.
  2298 | D:3      | Reached XP level 4. HP: 34/34 MP: 4/4
  2754 | D:3      | Reached skill level 1 in Slings
  3424 | D:3      | Found a basalt altar of Yredelemnul.
  3458 | D:3      | Found a shadowy altar of Dithmenos.
  3638 | D:3      | Reached XP level 5. HP: 40/40 MP: 5/5
  3898 | D:4      | Reached skill level 3 in Fighting
  4111 | D:4      | Found Kurikk's Magic Scroll Shop.
  4263 | D:4      | Noticed a necrophage
  4299 | D:4      | Killed a necrophage
  4300 | D:4      | Reached skill level 1 in Dodging
  4300 | D:4      | Reached XP level 6. HP: 13/47 MP: 6/6
  4739 | D:4      | Found a runed translucent door.
  4740 | D:4      | Noticed Crazy Yiuf
  5770 | D:5      | Entered Level 5 of the Dungeon
  5782 | D:5      | Noticed an ice beast
  5798 | D:5      | Killed an ice beast
  5799 | D:5      | Reached XP level 7. HP: 27/52 MP: 7/7
  6074 | D:5      | Reached skill level 4 in Fighting
  6641 | D:5      | Found the macabre finger necklace {rN+}
  6930 | D:5      | Found a staircase to the Ecumenical Temple.
  6938 | Temple   | Entered the Ecumenical Temple
  6949 | Temple   | Became a worshipper of Warmaster Okawaru
  7076 | D:5      | Reached skill level 5 in Fighting
  7082 | D:5      | Gained mutation: Your magical capacity is low. (-10% MP)
                  | [potion of mutation]
  7082 | D:5      | Lost mutation: Your magical capacity is low. (-10% MP)
                  | [potion of mutation]
  7246 | D:5      | You fall into a shaft and drop 3 floors!
  7268 | D:8      | Noticed a manticore
  7482 | D:7      | Reached XP level 8. HP: 39/62 MP: 8/8
  7673 | D:8      | Noticed a yak
  7673 | D:8      | Noticed a yak
  7673 | D:8      | Noticed a yak
  7673 | D:8      | Noticed a yak
  7673 | D:8      | Noticed a yak
  7673 | D:8      | Noticed a troll
  7674 | D:8      | Mangled by a yak

Illustrated notes

Levels and vault maps discovered:
D:1:      psy_arrival_spokes, layout_basic
D:2:      layout_rooms, chequers_ecumenical_altar_simple_redux
D:3:      layout_rooms, mainiacjoe_overflow_catwalk_spiral, uniq_grinder
D:4:      layout_loops_ring, serial_shops, shop, hex_medium,
          uniq_crazy_yiuf_cottage
D:5:      layout_loops_corners, minmay_temple_entry_glassed_door,
          chequers_serial_rivers_marsh, abandoned_shop, minmay_misc_feat_plants,
          nicolae_zen_rock_garden, minmay_pentangle
D:7:      layout_basic, mainiacjoe_overflow_small_starburst, uniq_pikel
D:8:      minmay_cut_squares, layout_rooms, lair_entry_dummy, serial_glass,
          glass_columns_a, glass_columns_c
Temple:   eino_temple_scatter_basement

Skill      XL: |  1  2  3  4  5  6  7  8 |
---------------+-------------------------+-----
Shields        | 1 2 3 4 |  4.0
Fighting       | 2 3 5 |  5.0
Slings         | 1 2 |  2.4
Dodging        | 1 2 3 |  3.0
Armour         | 2 3 |  3.7
Axes           | |  3.0
Necromancy     | |  2.0
Fire Magic     | |  1.0
Evocations     | |  2.0

Action                   |  1- 3 |  4- 6 |  7- 9 || total
-------------------------+-------+-------+-------++-------
Melee: Club              |    70 |       |       ||    70
       Whip              |    18 |       |       ||    18
       Short sword       |     2 |    58 |   125 ||   185
       Dagger            |       |   104 |    22 ||   126
 Fire: Hunting sling     |    64 |   108 |     3 ||   175
Throw: Stone             |    12 |       |       ||    12
       Dart              |       |     6 |     1 ||     7
  Use: Scroll            |     3 |     3 |       ||     6
       Potion            |     2 |     2 |     2 ||     6
Armor: Scale mail        |    54 |    77 |    40 ||   171
       Skin              |       |     5 |     7 ||    12
Dodge: Dodged            |    53 |   141 |    94 ||   288
Block: Buckler           |    14 |    51 |    37 ||   102
